 Dungeon Crawl Stone Soup version 0.21.1-1-g345015f (webtiles) character file.

3530 VLARC the Grappler (level 9, -7/75 HPs)
             Began as a Demigod Transmuter on Feb 28, 2018.
             Mangled by a cyan ugly thing (12 damage)
             ... on level 6 of the Dungeon.
             The game lasted 00:49:16 (11852 turns).

VLARC the Grappler (Demigod Transmuter)            Turns: 11852, Time: 00:49:17

Health: -7/75      AC:  6    Str: 19    XL:     9   Next: 52%
Magic:  13/14      EV: 13    Int: 19    God:
Gold:   245        SH:  0    Dex: 16    Spells: 4/11 levels left

rFire    . . .     SeeInvis .     - Unarmed
rCold    + + +     Gourm    .   (shield currently unavailable)
rNeg     . . .     Faith    .   (armour currently unavailable)
rPois    +         Spirit   .   (helmet currently unavailable)
rElec    .         Reflect  .   (cloak currently unavailable)
rCorr    .         Harm     .   (gloves currently unavailable)
MR       .....                  (boots currently unavailable)
Stlth    +.........             (no amulet)
HPRegen  0.22/turn              x - ring of protection from fire
MPRegen  0.14/turn              p - +3 ring of evasion

@: ice-form
A: large, blurry vision 1, clever 1, high mp 1
a: End Transformation


You were on level 6 of the Dungeon.
You were hungry.
You were a creature of crystalline ice.
You visited 1 branch of the dungeon, and saw 7 of its levels.
You also visited: Ossuary.

You collected 245 gold pieces.

Inventory:

Hand Weapons
 b - a +0 hunting sling
Missiles
 a - 72 arrows
 e - 111 stones (quivered)
 l - 76 sling bullets
Armour
 k - a +0 robe
 v - a +0 shield
 y - the +2 cloak "Hat Fufo" (melded) {*Contam rF+ MR+ Dex+5}
   (You found it on level 4 of the Dungeon)

   It affects your dexterity (+5).
   It protects you from fire.
   It affects your resistance to hostile enchantments.
   It causes magical contamination when unequipped.
 z - a +0 leather armour (melded)
Magical Staves
 h - an uncursed staff of power
Jewellery
 j - an uncursed ring of flight
 p - a +3 ring of evasion (right front paw)
 x - a ring of protection from fire (left front paw)
 H - an uncursed ring of positive energy {unknown}
Wands
 s - a wand of random effects (15)
Scrolls
 f - 2 scrolls of fear
 i - a scroll of amnesia
 w - 7 scrolls of remove curse
 A - a scroll of teleportation
 E - a scroll of blinking {unknown}
 K - a scroll of enchant armour {unknown}
Potions
 g - 2 potions of brilliance
 m - a potion of might
 n - 2 potions of mutation
 o - 3 potions of berserk rage
 q - 2 potions of agility
 r - 4 potions of curing
 t - 4 potions of heal wounds {unknown}
 B - a potion of flight {unknown}
 C - a potion of resistance
 F - a potion of lignification {unknown}
 I - a potion of invisibility {unknown}
 L - a potion of haste {unknown}
Books
 c - a book of Changes

   Spells                             Type                      Level
   a - Beastly Appendage              Transmutation                1
   b - Sticks to Snakes               Transmutation                2
   c - Spider Form                    Transmutation/Poison         3
   d - Ice Form                       Ice/Transmutation            4
   e - Blade Hands                    Transmutation                5
 G - a book of Frost

   Spells                             Type                      Level
   a - Freeze                         Ice                          1
   b - Throw Frost                    Conjuration/Ice              2
   c - Ozocubu's Armour               Charms/Ice                   3
   d - Throw Icicle                   Conjuration/Ice              4
   e - Summon Ice Beast               Ice/Summoning                4
Comestibles
 d - 6 rations


   Skills:
 - Level 0.8 Fighting
 - Level 1.7 Dodging
 + Level 9.5 Unarmed Combat
 - Level 1.7 Spellcasting
 + Level 7.0 Transmutations
 - Level 6.0 Ice Magic


You had 4 spell levels left.
You knew the following spells:

 Your Spells              Type           Power        Failure   Level  Hunger
a - Beastly Appendage     Tmut           ####..       1%          1    #......
b - Sticks to Snakes      Tmut           ####....     1%          2    ###....
c - Ice Form              Ice/Tmut       ####....     12%         4    #####..


Dungeon Overview and Level Annotations

Branches:
Dungeon (7/15)
 Temple: D:4-7

Shops:
D:7 *

Annotations:
D:3 derrymb's ghost, amateur MiFi
D:5 derrymb's ghost, novice MiFi


Innate Abilities, Weirdness & Mutations

You have an increased reservoir of magic. (+10% MP)
Scrolls take you a little longer to read.
Your mind is acute. (Int +2)


Message History

You pummel the cyan ugly thing!! You freeze the cyan ugly thing.
The cyan ugly thing is moderately wounded.
The cyan ugly thing misses you.
You barely miss the cyan ugly thing.
The cyan ugly thing is moderately wounded.
You barely miss the cyan ugly thing.
The cyan ugly thing is moderately wounded.
The cyan ugly thing trunk-slaps you. The cyan ugly thing shocks you!
The cyan ugly thing trunk-slaps you. The cyan ugly thing shocks you!
* * * LOW HITPOINT WARNING * * *
You climb upwards.
There is a stone staircase leading down here.
Unknown command.
The cyan ugly thing misses you.
There is an open door here.
The cyan ugly thing trunk-slaps you but does no damage.
The cyan ugly thing trunk-slaps you!
* * * LOW HITPOINT WARNING * * *
The cyan ugly thing shocks you!
You die...

### #.........### #...).##
#.########.#.#.########.....##
#..........#.........##.....##
#.####.....#.........##.....##
#.# #.....'.........##.....##
#.# #.....###.########.......
#.# #.....# #.# #.....## #.#
#.....###u## #.....# #.#
#.....#.Y..# ####### #.#
#.....#....# #.# #.....#....#
#.# #.....#....### #.#
#.....#......# #.#
##.####......#
##.#####.#.........#
#...........#......#
#########...#####..# #


You could see a cyan ugly thing.

Vanquished Creatures
  Pikel (D:6)
  A hippogriff (D:6)
  Sigmund (D:5)
  A water moccasin (D:5)
  3 slaves (D:6)
  A sky beast (D:6)
  A phantom (D:4)
  3 centaurs
  3 bullfrogs
  5 water moccasin zombies (Ossuary)
  A scorpion (D:6)
  9 killer bees
  2 howler monkeys
  3 wights (D:6)
  A crimson imp (D:6)
  A bullfrog skeleton (D:6)
  3 hounds
  An orc priest (D:7)
  2 orc wizards (D:6)
  An iguana (D:4)
  4 worker ants
  3 big kobold zombies (Ossuary)
  A hound skeleton (D:6)
  2 mummies (Ossuary)
  3 gnolls
  10 adders
  An ooze (D:5)
  An adder skeleton (D:6)
  4 adder zombies (Ossuary)
  A worm (D:4)
  2 dart slugs (D:2)
  2 leopard geckos
  8 orcs
  2 ball pythons
  4 giant cockroaches
  2 goblins
  A hobgoblin (D:3)
  3 quokkas
  11 bats
  2 frilled lizards (D:4)
  2 gnoll zombies (Ossuary)
  4 hobgoblin zombies (Ossuary)
  A jackal zombie (D:6)
  8 kobolds
  4 kobold zombies (Ossuary)
  4 orc zombies (Ossuary)
  10 rats
144 creatures vanquished.

Vanquished Creatures (collateral kills)
  Joseph (D:7)
  Grinder (D:4)
  An ogre (D:4)
  An ooze (D:4)
  A giant cockroach (D:4)
  A frilled lizard (D:4)
6 creatures vanquished.

Grand Total: 150 creatures vanquished

Notes
Turn   | Place    | Note
-------+----------+-------------------------------------------
     0 | D:1      | VLARC the Demigod Transmuter began the quest for the Orb.
     0 | D:1      | Reached XP level 1. HP: 15/15 MP: 5/5
   274 | D:1      | Reached skill level 3 in Unarmed Combat
   487 | D:1      | Reached XP level 2. HP: 18/22 MP: 7/7
  1666 | D:1      | Reached XP level 3. HP: 22/27 MP: 6/8
  2197 | D:2      | Reached XP level 4. HP: 11/34 MP: 7/9
  3234 | D:3      | Learned a level 2 spell: Sticks to Snakes
  3251 | D:3      | Reached skill level 4 in Unarmed Combat
  3344 | D:3      | Noticed derrymb's ghost (amateur MiFi)
  3855 | D:4      | Got a distressingly furry cloak
  3919 | D:2      | Gained mutation: Scrolls take you a little longer to read. [potion of mutation]
  3919 | D:2      | Gained mutation: Your mind is acute. (Int +2) [potion of mutation]
  4167 | D:4      | Reached XP level 5. HP: 6/39 MP: 5/10
  4307 | D:4      | Noticed an ogre
  4317 | D:4      | Killed an ogre
  4573 | D:4      | Noticed Grinder
  4599 | D:4      | Killed Grinder
  4599 | D:4      | Reached skill level 5 in Unarmed Combat
  4599 | D:4      | Reached XP level 6. HP: 5/46 MP: 7/11
  5608 | D:4      | Reached skill level 5 in Transmutations
  6253 | D:4      | Identified the +2 cloak "Hat Fufo" {*Contam rF+ MR+ Dex+5} (You found it on level 4 of the Dungeon)
  6290 | D:5      | Entered Level 5 of the Dungeon
  6365 | D:5      | Found a snail-covered altar of Cheibriados.
  6423 | D:5      | Noticed a water moccasin
  6431 | D:5      | Killed a water moccasin
  6431 | D:5      | Reached XP level 7. HP: 50/51 MP: 7/12
  6492 | D:5      | Found a sand-covered staircase.
  6497 | Ossuary  | Entered an ossuary
  6534 | Ossuary  | Reached skill level 6 in Unarmed Combat
  7469 | D:5      | Noticed Sigmund
  7471 | D:5      | Noticed derrymb's ghost (novice MiFi)
  7492 | D:5      | Killed Sigmund
  7492 | D:5      | Reached XP level 8. HP: 58/58 MP: 13/13
  7494 | D:5      | Reached skill level 7 in Unarmed Combat
  7958 | D:6      | Learned a level 4 spell: Ice Form
  8361 | D:6      | Reached skill level 1 in Ice Magic
  8451 | D:6      | Found a bloodstained altar of Trog.
  8554 | D:6      | Noticed Pikel
  8583 | D:6      | Killed Pikel
  8583 | D:6      | Reached skill level 8 in Unarmed Combat
  9905 | D:7      | Noticed a hippogriff
 10021 | D:6      | Reached XP level 9. HP: 50/63 MP: 14/14
 10162 | D:7      | Noticed Joseph
 10192 | D:7      | Killed Joseph
 10597 | D:6      | Reached skill level 9 in Unarmed Combat
 10597 | D:6      | Reached skill level 5 in Ice Magic
 11180 | D:7      | Found Buoprose's Assorted Antiques.
 11202 | D:7      | Found a glowing silver altar of Zin.
 11823 | D:7      | Noticed a cyan ugly thing
 11852 | D:6      | Mangled by a cyan ugly thing

Skill      XL: |  1  2  3  4  5  6  7  8  9 |
---------------+----------------------------+-----
Transmutations | 2 3 4 5 6 7 |  7.0
Unarmed Combat | 3 4 5 6 8 9 |  9.5
Ice Magic      | 4 6 |  6.0
Fighting       | |  0.8
Dodging        | |  1.7
Spellcasting   | |  1.7

Action                   |  1- 3 |  4- 6 |  7- 9 || total
-------------------------+-------+-------+-------++-------
Melee: Unarmed           |    92 |   113 |   337 ||   542
       Punch             |     2 |     3 |    15 ||    20
       Headbutt          |     3 |    13 |    42 ||    58
       Kick              |     2 |     9 |    15 ||    26
 Fire: Hunting sling     |    33 |    61 |    52 ||   146
Throw: Stone             |    17 |       |     2 ||    19
 Cast: Beastly Appendage |     5 |    11 |    15 ||    31
       Sticks to Snakes  |       |    10 |     4 ||    14
       Ice Form          |       |       |     4 ||     4
Evoke: Wand              |       |       |     7 ||     7
  Use: Scroll            |       |     5 |     6 ||    11
       Potion            |       |     4 |       ||     4
 Stab: Paralysed         |       |       |     1 ||     1
  Eat: Chunk             |     4 |     9 |     9 ||    22
       Ration            |       |     1 |     3 ||     4
Armor: Robe              |    26 |    13 |    17 ||    56
       Leather armour    |       |       |    34 ||    34
       Skin              |       |       |     7 ||     7
Dodge: Dodged            |    73 |    75 |   221 ||   369
